[Event "Early-Titled-Tuesday-Blitz-March-19-2024"]
[Site "Chess.com"]
[Date "2024.03.19"]
[Round "6"]
[White "kingofthenil"]
[Black "KuzubovYuriy"]
[Result "0-1"]
[WhiteElo "2791"]
[BlackElo "2913"]
[TimeControl "180+1"]
[EndTime "9:07:55 PDT"]
[Termination "KuzubovYuriy won by checkmate"]

1. Nf3 d5 2. e3 e6 3. c4 Nf6 4. b3 c5 5. Bb2 Nc6 6. cxd5 exd5 7.
Be2 Bd6 8. O-O O-O 9. d4 cxd4 10. Nxd4 a6 11. Nd2 Qe7 12. Nxc6 bxc6 13. Qc2 Bd7 14.
h3 a5 15. Bd3 h6 16. Rfe1 Rfe8 17. e4 Nh5 18. Nf3 Bb4 19. exd5 Bxe1 20. Rxe1 Qd6 21. Bh7+ Kh8 22. Ne5 Re7 23. Re3 cxd5 24. Bf5 d4 25. Nc4 Qb4 26. Bxd4 Rxe3 27. Bxe3 Bxf5 28. Qxf5 Nf6 29.
Bxh6 Qe1+ 30. Kh2 Qe6 31. Qxe6 fxe6 32. Bd2 a4 33. Nb6 axb3 34. axb3 Rb8 35. Be3 Nd5 36. Nxd5 exd5 37. Kg3 Rb4 38. Kf3 Kg8 39. Ke2 Rxb3 40. Kf3 Kf7 41. Kf4 Ke6 42. g4 Rb4+ 43. Kf3 d4 44. Bd2 Rb2 45. Ke2 Kd5 46. h4 Kc4 47. h5 Rb8 48. h6 Re8+ 49. Kf3 Rf8+ 50. Kg3 gxh6 51. Bxh6 d3 52. Be3 Re8 53. Bg5 Kc3 54. Kf3 Rf8+ 55. Ke3 d2 56. Ke2 Re8+ 57. Kd1 Re1# 0-1

[Event "Early-Titled-Tuesday-Blitz-March-19-2024"]
[Site "Chess.com"]
[Date "2024.03.19"]
[Round "6"]
[White "KhazhatulyAlikhan"]
[Black "angelgab3"]
[Result "1-0"]
[WhiteElo "2466"]
[BlackElo "2652"]
[TimeControl "180+1"]
[EndTime "9:07:55 PDT"]
[Termination "KhazhatulyAlikhan won by resignation"]

1. e4 e5 2. Nf3 Nc6 3. Nc3 Nf6 4.
Bb5 Nd4 5. Bc4 Bd6 6. O-O O-O 7. d3 Nxf3+ 8. Qxf3 c6 9. Bg5 Be7 10. Rae1 d6 11. h3 Be6 12. Bb3 g6 13.
Bh6 Re8 14. Qe3 Nh5 15. f4 exf4 16. Bxf4 Nxf4 17. Qxf4 Bg5 18. Qf3 Qe7 19. Re2 Bh6 20. Ref2 Bg7 21. Bxe6 fxe6 22. Qf7+ Kh8 23. Qxe7 Rxe7 24.
Rf7 Rae8 25. Rxe7 Rxe7 26. Nd1 b5 27. Rf3 a5 28. Kf1 a4 29. b3 axb3 30. axb3 Ra7 31. Ke2 b4 32. Ne3 Bd4 33. Rf8+ Kg7 34. Rd8 d5 35.
Rd6 Kf6 36. Rxc6 dxe4 37. dxe4 h5 38. Kd3 Rd7 39. Ke2 Bc3 40. Nd5+ Ke5 41. Nxc3 bxc3 42. Rxc3 Kxe4 43. Rc4+ Kd5 44. Ra4 Rc7 45. Kd3 Rf7 46. Ra5+ Kd6 47. Rg5 Rf6 48. b4 Ke7 49. b5 Kf7 50. b6 Rf1 51. Rb5 Rd1+ 52. Ke4 1-0

[Event "Early-Titled-Tuesday-Blitz-March-19-2024"]
[Site "Chess.com"]
[Date "2024.03.19"]
[Round "6"]
[White "UK_23"]
[Black "wannabe2700"]
[Result "1-0"]
[WhiteElo "2402"]
[BlackElo "2621"]
[TimeControl "180+1"]
[EndTime "9:07:56 PDT"]
[Termination "UK_23 won by resignation"]

1. e4 d5 2. exd5 Qxd5 3. h3 c5 4. Nc3 Qd8 5. Nf3 Nf6 6. d4 cxd4 7. Qxd4 Qxd4 8. Nxd4 a6 9. g3 e5 10. Nb3 Bd7 11. Bg2 Nc6 12. Be3 O-O-O 13. Bb6 Re8 14. O-O-O Be7 15. Nc5 Bxc5 16. Bxc5 h5 17. Rd2 Bf5 18. Rhd1 Rd8 19. Bb6 Rxd2 20. Rxd2 Nd7 21. Be3 Nf6 22. Bb6 Re8 23. a3 Nd7 24. Be3 Be6 25. Nd5 Rd8 26. Nb6+ Nxb6 27. Bxb6 Rxd2 28. Kxd2 Kd7 29. Kd3 Kd6 30. b4 f5 31. Bc5+ Kc7 32. Bxc6 Kxc6 33. h4 Kd5 34. Bf8 g6 35. c4+ Kc6 36. Bg7 Kd6 37. Bf8+ Kd7 38. Bg7 e4+ 39. Kd4 Kd6 40. Bf8+ Kc6 41. Be7 Bf7 42. Bf8 Kd7 43.
Bg7 Ke7 44. Be5 Ke6 45. Bf4 Kd7 46. Kc5 Be6 47. Kb6 Kc8 48. c5 Bd7 49. Be3 Bc6 50. Bf4 Bd7 51. Ka5 Bc6 52. a4 Bd5 53. b5 axb5 54. axb5 Kd7 55. Kb6 Bc4 56. c6+ bxc6 57. bxc6+ Ke6 58. c7 Kd7 59. Kb7 1-0

[Event "Early-Titled-Tuesday-Blitz-March-19-2024"]
[Site "Chess.com"]
[Date "2024.03.19"]
[Round "6"]
[White "dosto07"]
[Black "tarno17"]
[Result "1-0"]
[WhiteElo "2495"]
[BlackElo "2185"]
[TimeControl "180+1"]
[EndTime "9:07:56 PDT"]
[Termination "dosto07 won by resignation"]

1. e4 c5 2. Nf3 e6 3. c3 d5 4.
exd5 Qxd5 5. d4 Nf6 6. Na3 a6 7. Nc4 Qd8 8. Nce5 cxd4 9. Qxd4 Qxd4 10. Nxd4 Be7 11. Be2 O-O 12. O-O Nbd7 13. Nxd7 Bxd7 14.
Bf3 e5 15. Nc2 e4 16. Be2 Bc5 17. Be3 Bxe3 18. Nxe3 Bc6 19. Rfd1 Rad8 20. Kf1 g6 21.
Ke1 Nd5 22. Nxd5 Bxd5 23. Rd4 Bc6 24. Rad1 Rxd4 25. Rxd4 f5 26. Kd2 Kg7 27. c4 Kf6 28. b4 Ke5 29. Kc3 f4 30. Rd1 Rc8 31. Kb3 g5 32. a4 Kf5 33. b5 axb5 34. axb5 Be8 35. Rd5+ Kf6 36. Bg4 Rc7 37. Rf5+ Kg6 38. Re5 Bf7 39.
Rxe4 h5 40. Be2 Kf5 41. f3 g4 42. Kb4 Bg6 43. c5 Kg5 44. Re5+ Kh4 45. Re6 Bf5 46. Rf6 Bc8 47. Rxf4 Re7 48. Bd3 Re3 49. Be4 Be6 50. Bxb7 Rb3+ 51. Ka5 Kg5 52. Rd4 gxf3 53. Bxf3 Ra3+ 54.
Kb6 Rb3 55. c6 Bf5 56. c7 Rc3 57. Bc6 Bc8 58. Rd8 Be6 59. c8=Q 1-0

[Event "Early-Titled-Tuesday-Blitz-March-19-2024"]
[Site "Chess.com"]
[Date "2024.03.19"]
[Round "6"]
[White "Anton_Demchenko"]
[Black "mishanick"]
[Result "0-1"]
[WhiteElo "3017"]
[BlackElo "3132"]
[TimeControl "180+1"]
[EndTime "9:07:57 PDT"]
[Termination "mishanick won on time"]

1. e4 c5 2. Nf3 e6 3. g3 Nc6 4. Bg2 Nf6 5. Qe2 Be7 6. O-O d5 7. d3 O-O 8. e5 Nd7 9. c4 a6 10. a4 Ndb8 11. Nc3 Nb4 12. Bf4 N8c6 13. Rfd1 Qb6 14. h4 Rd8 15. h5 h6 16. Rd2 Nd4 17. Qd1 Bd7 18. cxd5 exd5 19. Nxd4 cxd4 20. Nxd5 Nxd5 21. Bxd5 Rac8 22. a5 Qb4 23. Qf3 Bc6 24. Bxc6 Rxc6 25. Re2 Qb5 26. Kg2 Bb4 27. Rc1 Rxc1 28.
Bxc1 Re8 29. Bf4 Bxa5 30. Rc2 Qd7 31. Qe4 Bd8 32. Rc4 Bb6 33. Rb4 Re6 34. Kg1 Rc6 35.
b3 Qh3 36. Rc4 Qe6 37. Kg2 Kf8 38. Kf3 Ke8 39. g4 Kd7 40. Bg3 Bc5 41. Ke2 b5 42. Rc1 Qxb3 43. Kf1 Qe6 44. Qe2 Bb6 45. Ra1 a5 46. f4 Qd5 47. Kg1 a4 48. f5 b4 49. Re1 b3 50. e6+ fxe6 51. Rf1 b2 52.
fxe6+ Rxe6 53. Rf7+ Ke8 54. Qf2 b1=Q+ 0-1

[Event "Early-Titled-Tuesday-Blitz-March-19-2024"]
[Site "Chess.com"]
[Date "2024.03.19"]
[Round "6"]
[White "cande_francisco"]
[Black "Hope_6"]
[Result "0-1"]
[WhiteElo "2524"]
[BlackElo "2711"]
[TimeControl "180+1"]
[EndTime "9:08:00 PDT"]
[Termination "Hope_6 won on time"]

1. e4 c5 2. Nf3 e6 3. d4 cxd4 4.
Nxd4 Nc6 5. Bf4 Nf6 6. Nb5 e5 7. Bg5 d6 8. N1c3 a6 9. Na3 b5 10. Nab1 Be7 11. Bxf6 Bxf6 12. a4 b4 13. Nd5 O-O 14.
Bc4 Be6 15. O-O a5 16. c3 Bg5 17. Qd3 Rb8 18. Bb5 Ne7 19. cxb4 Bxd5 20. exd5 axb4 21. Nd2 Bxd2 22. Qxd2 Qa5 23. f4 exf4 24. Qxf4 Qb6+ 25. Kh1 Nxd5 26. Qg5 Nc7 27. Bc4 Qc5 28. Qg4 Nd5 29.
Bxd5 Qxd5 30. a5 Qb5 31. Qd4 Ra8 32. Qxd6 Rxa5 33. Rae1 Qc5 34. Qf4 h6 35. Re8 Ra7 36.
Qb8 Rxe8 37. Qxe8+ Kh7 38. Qe4+ g6 39. Qe8 Qe7 40. Qb5 Rc7 41. Qd5 Rd7 42. Qc4 Kg7 43. h3 h5 44. Qf4 Rd5 45. Qc4 Qe5 46.
b3 Qd6 47. Qc1 Rf5 48. Qa1+ Qf6 0-1

[Event "Early-Titled-Tuesday-Blitz-March-19-2024"]
[Site "Chess.com"]
[Date "2024.03.19"]
[Round "6"]
[White "IraZyne"]
[Black "Incognizance"]
[Result "1-0"]
[WhiteElo "2334"]
[BlackElo "1886"]
[TimeControl "180+1"]
[EndTime "9:08:03 PDT"]
[Termination "IraZyne won on time"]

1. e4 c5 2. Nc3 e6 3. Nge2 d5 4. exd5 exd5 5. d4 Nf6 6. g3 Nc6 7. Bg2 cxd4 8. Nxd4 Bc5 9. Nce2 Bg4 10. h3 Bh5 11. g4 Bg6 12. O-O h5 13. g5 Ne4 14. Nb3 Be7 15. Nf4 O-O 16. h4 Rc8 17. c3 Nc5 18. Nxg6 fxg6 19. Qxd5+ Qxd5 20. Bxd5+ Kh7 21. Be3 Na4 22. Rab1 Rcd8 23. Be4 a6 24. Nd4 Nxd4 25. Bxd4 Bc5 26. b3 Bxd4 27. cxd4 Nc3 28. Rbe1 Rxd4 29.
Bxb7 Rxh4 30. f3 Rhf4 31. Kg2 R4f5 32. Re7 Rxg5+ 33. Kf2 Rgf5 34. Rc1 Nd5 35. Bxd5 Rxd5 36. Rcc7 Rg8 37. Re6 Rd2+ 38. Ke3 Rxa2 39. Rcc6 Ra3 40. Rb6 a5 41. Kf4 h4 42. Kg4 h3 43. Kxh3 a4 44. Re3 Rxb3 45. Rexb3 axb3 46. Rxb3 Rf8 47. Kg4 Rd8 48.
f4 Rd4 49. Rb5 Rd1 50. Ra5 Rg1+ 51. Kf3 g5 52. fxg5 Kg6 53. Kf4 Rf1+ 54. Kg3 Rf5 55. Ra6+ Kxg5 56. Ra7 g6 57. Ra8 Rd5 58. Kg2 Rd3 59. Rb8 Kh5 60. Rh8+ Kg4 61. Rb8 g5 62.
Rb4+ Kh5 63. Rb8 Ra3 64. Rb2 Kh4 65. Rb8 Ra2+ 66. Kg1 1-0

[Event "Early-Titled-Tuesday-Blitz-March-19-2024"]
[Site "Chess.com"]
[Date "2024.03.19"]
[Round "6"]
[White "scarabee43"]
[Black "platy3"]
[Result "1-0"]
[WhiteElo "2836"]
[BlackElo "2947"]
[TimeControl "180+1"]
[EndTime "9:08:04 PDT"]
[Termination "scarabee43 won on time"]

1. d4 Nf6 2. c4 e6 3. Nf3 d5 4. Nc3 a6 5. cxd5 exd5 6. Bf4 Bd6 7. Bxd6 Qxd6 8. e3 Bf5 9. Nh4 Bg6 10. Nxg6 hxg6 11.
g3 Nbd7 12. Bg2 c6 13. Qc2 O-O 14. O-O Rfe8 15. b4 b5 16. Ne2 Nb6 17. Nf4 Nc4 18.
Nd3 a5 19. a4 axb4 20. axb5 cxb5 21. Nc5 Nd7 22. Rad1 Rec8 23. Qb1 Ra4 24. Nd3 Na3 25. Qb3 Rc3 26. Qxd5 Qxd5 27. Bxd5 Nb6 28. Be4 b3 29. Rc1 Rxc1 30. Rxc1 Nbc4 31. Rc3 b2 32. Nxb2 Nxb2 33. Rc8+ Kh7 34. Rc7 f5 35. Bd5 Nac4 36. h4 Nb6 37.
Bf7 N2c4 38. Rc6 Ra8 39. Bxg6+ Kg8 40. Bxf5 Rb8 41. Rc5 Na4 42. Rc7 Nc3 43. Be6+ Kf8 44. Rf7+ Ke8 45. Rxg7 Rb6 46. Bxc4 bxc4 47. Rc7 Rb4 48.
h5 Kf8 49. h6 Kg8 50. g4 Ne4 51. d5 c3 52. f3 Ng5 53. Rxc3 Nxf3+ 54. Kf2 Ne5 55.
d6 Rxg4 56. Rc8+ Kh7 57. Re8 Re4 58. d7 Ng4+ 59. Kf3 1-0

[Event "Early-Titled-Tuesday-Blitz-March-19-2024"]
[Site "Chess.com"]
[Date "2024.03.19"]
[Round "6"]
[White "Ural_bogatyr"]
[Black "DanielDardha2005"]
[Result "1-0"]
[WhiteElo "2613"]
[BlackElo "2839"]
[TimeControl "180+1"]
[EndTime "9:08:04 PDT"]
[Termination "Ural_bogatyr won by resignation"]

1. d4 d5 2. Nc3 Nf6 3. Bf4 c5 4. e4 Nxe4 5. Nxe4 dxe4 6. dxc5 Qa5+ 7. c3 Qxc5 8. Qa4+ Nc6 9. Qxe4 g6 10. Nf3 Bg7 11. Qe3 Qxe3+ 12. Bxe3 Bf5 13. Be2 a6 14. O-O h5 15. Rfd1 Rd8 16. Bb6 Rxd1+ 17. Rxd1 O-O 18. Kf1 Bf6 19. Nd2 Ne5 20. Nc4 Be4 21. Nxe5 Bxe5 22.
Rd7 Bd6 23. Bf3 Bxf3 24. gxf3 Bxh2 25. Rxe7 Rb8 26. Ba7 Rd8 27. Rxb7 Rd2 28. Be3 Rd1+ 29. Kg2 Be5 30. Rb6 Rb1 31. a4 h4 32. f4 Bc7 33.
Rb7 Bd6 34. b4 Rb3 35. Rb6 Be7 36. Bd4 f6 37. Rxa6 g5 38. Ra7 Kf8 39. fxg5 fxg5 40.
Kh3 Rb1 41. a5 Rh1+ 42. Kg2 Ra1 43. f3 Bd6 44. a6 g4 45. fxg4 Ra2+ 46. Kf3 h3 47.
Rh7 h2 48. Bc5 Kg8 49. Rh5 Bxc5 50. bxc5 Kg7 51. Ke4 Rxa6 52. Rxh2 Ra4+ 53. Kd5 Rxg4 54. c6 Rg5+ 55. Kd6 Rg3 56. Rd2 Rxc3 57. c7 Kf7 58.
Kd7 Rc2 59. Rxc2 1-0

[Event "Early-Titled-Tuesday-Blitz-March-19-2024"]
[Site "Chess.com"]
[Date "2024.03.19"]
[Round "6"]
[White "wild3000"]
[Black "Winner_7777"]
[Result "1-0"]
[WhiteElo "2442"]
[BlackElo "2620"]
[TimeControl "180+1"]
[EndTime "9:08:04 PDT"]
[Termination "wild3000 won on time"]

1. e4 c5 2. Nf3 d6 3. d4 cxd4 4. Nxd4 Nf6 5. Nc3 a6 6. h3 e5 7. Nde2 h5 8. g3 b5 9. Bg2 Bb7 10. O-O Nbd7 11. Be3 Rc8 12. f4 b4 13. Nd5 Nxd5 14. exd5 Nf6 15. fxe5 dxe5 16. Bg5 Bc5+ 17. Kh1 Bxd5 18. Bxf6 Bxg2+ 19. Kxg2 gxf6 20. Qxd8+ Rxd8 21. Rxf6 Rd2 22. Kf1 Rxc2 23. Rc6 Ke7 24. Rc1 Rxc1+ 25. Nxc1 Bd4 26. b3 a5 27. Ne2 h4 28. g4 Rd8 29. Rh6 Be3 30. Rxh4 Rd1+ 31. Kg2 e4 32. g5 Bxg5 33. Rxe4+ Kf6 34. h4 Bh6 35. Rc4 Rd2 36.
Kf3 Rxa2 37. Rc6+ Kg7 38. Ng3 Bd2 39. Nf5+ Kh7 40. Rf6 Bc3 41. Rxf7+ Kg6 42. Nd6 Rd2 43. Rd7 Be5 44. h5+ Kxh5 45. Rh7+ Kg6 46. Ra7 Bxd6 47.
Rxa5 Kf6 48. Ke4 Ke6 49. Rh5 Re2+ 50. Kd3 Rb2 51. Kc4 Rc2+ 52. Kb5 Rc3 53. Ka4 Kd7 54.
Ra5 1-0

[Event "Early-Titled-Tuesday-Blitz-March-19-2024"]
[Site "Chess.com"]
[Date "2024.03.19"]
[Round "6"]
[White "Durarbayli"]
[Black "Flawless_Fighter"]
[Result "1/2-1/2"]
[WhiteElo "2988"]
[BlackElo "2844"]
[TimeControl "180+1"]
[EndTime "9:08:05 PDT"]
[Termination "Game drawn by repetition"]

1. e4 c6 2. d4 d5 3. exd5 cxd5 4. c4 Nf6 5. Nc3 Nc6 6. Nf3 g6 7. cxd5 Nxd5 8. Qb3 Nxc3 9. bxc3 Bg7 10. Be2 O-O 11.
O-O e5 12. Bg5 Qc7 13. d5 Na5 14. Qb4 Bd7 15. d6 Qb6 16. Be7 Rfc8 17. Qh4 h6 18. Rab1 Qc5 19. Bf6 Qxd6 20. Bxg7 Kxg7 21. Rfd1 Qe6 22.
Qe4 Re8 23. Rd5 Bc6 24. Qxe5+ Qxe5 25. Rxe5 b6 26. Rxe8 Rxe8 27. Nd4 Bd5 28. a4 Nc6 29. Bb5 Rc8 30. Bxc6 Bxc6 31. Ra1 Be8 32. Ra3 Rc4 33. Nb5 Bd7 34. Nxa7 Bxa4 35. f3 Bd7 36. Kf2 g5 37. Ke3 h5 38. Kd3 Rc7 39. c4 Rc5 40. Kd4 h4 41. g3 h3 42. f4 Kf6 43. fxg5+ Kxg5 44. Rf3 f6 45. Re3 Ra5 46. Nb5 Bxb5 47. cxb5 Rxb5 48. Re8 Rb2 49. Rg8+ Kf5 50. g4+ Kf4 51. Rg6 Rd2+ 52. Kc3 Rxh2 53. Rxf6+ Kg3 54. g5 Rg2 55. g6 Kh2 56. Rxb6 Kg1 57. Rb1+ Kh2 58. Rb2 Kh1 59. Rb1+ Kh2 60. Rb2 Kh1 61. Rb1+ Kh2 1/2-1/2

[Event "Early-Titled-Tuesday-Blitz-March-19-2024"]
[Site "Chess.com"]
[Date "2024.03.19"]
[Round "6"]
[White "GM_dmitrij"]
[Black "FairChess_on_YouTube"]
[Result "1/2-1/2"]
[WhiteElo "3087"]
[BlackElo "3140"]
[TimeControl "180+1"]
[EndTime "9:08:06 PDT"]
[Termination "Game drawn - insufficient material"]

1. e4 c5 2. Nf3 e6 3. d4 cxd4 4. Nxd4 Nc6 5. Bf4 a6 6. Nxc6 bxc6 7. Bd6 Bxd6 8. Qxd6 Qe7 9. Qg3 Nf6 10. Nd2 O-O 11.
Bd3 e5 12. O-O d6 13. Rad1 Nh5 14. Qe3 Nf4 15. Rfe1 Bg4 16. f3 Be6 17. Bf1 a5 18. a4 Rfd8 19. g3 Ng6 20. Nc4 h5 21. h4 Bxc4 22.
Bxc4 Qa7 23. Kf2 Kf8 24. Rd3 Qxe3+ 25. Rexe3 Rab8 26. Rb3 Ke7 27. Rec3 Nf8 28. Ba6 Rxb3 29. Rxb3 Ne6 30. Rb6 Nc5 31. Rxc6 Nxa4 32. b3 Nc5 33. Bc4 Rd7 34. Rb6 Ra7 35. Ke3 a4 36. b4 Ne6 37.
Ra6 Rxa6 38. Bxa6 f5 39. Bc4 f4+ 40. gxf4 exf4+ 41. Kd2 g5 42. hxg5 Nxg5 43. Ke2 h4 44. Kf2 h3 45. b5 Kd8 46. b6 h2 47. Kg2 Nxf3 48. Bd5 a3 49. Kh1 Nd4 50. Kxh2 Nxc2 51.
Kg2 Nb4 52. Bc4 a2 53. Bxa2 Nxa2 54. Kf3 Nc3 55. Kxf4 Na4 56. b7 Kc7 57. e5 dxe5+ 58. Kxe5 Kxb7 1/2-1/2

[Event "Early-Titled-Tuesday-Blitz-March-19-2024"]
[Site "Chess.com"]
[Date "2024.03.19"]
[Round "6"]
[White "Crazy_girl99"]
[Black "Jumbo"]
[Result "0-1"]
[WhiteElo "2606"]
[BlackElo "2886"]
[TimeControl "180+1"]
[EndTime "9:08:06 PDT"]
[Termination "Jumbo won on time"]

1. d4 Nf6 2. Bf4 c5 3. e3 cxd4 4. exd4 Qb6 5. Nc3 a6 6. Rb1 d5 7.
h3 Bf5 8. Nf3 Nc6 9. Bd3 Bxd3 10. Qxd3 e6 11. O-O Be7 12. a3 O-O 13. b4 Rfc8 14.
Na4 Qd8 15. Rfc1 Ne8 16. Nc5 Ra7 17. c4 Nf6 18. cxd5 Nxd5 19. Bg3 h6 20. Re1 a5 21. b5 Nxd4 22. b6 Nxb6 23. Qxd4 Bxc5 24. Qxd8+ Rxd8 25.
Bc7 Rd3 26. Bxb6 Bxb6 27. Rxb6 Rxa3 28. Reb1 a4 29. Rxb7 Rxb7 30. Rxb7 Ra1+ 31. Kh2 a3 32. Ra7 a2 33. Kg3 g5 34. Nd4 Rd1 35. Nc2 Rd3+ 36. f3 h5 37. Rxa2 Kg7 38. Nb4 Rd6 39. Rc2 Kg6 40.
Nc6 f6 41. Ne7+ Kf7 42. Rc7 h4+ 43. Kh2 Rd2 44. Nf5+ Kg6 45. Ne3 f5 46. Rc6 Kf6 47.
Kg1 Re2 48. Nd5+ Ke5 49. Nc7 Kf6 50. Kf1 Re5 51. Kf2 Ke7 52. Rc2 Kd7 53. Na6 Ke7 54. Nc5 Rd5 55. Nb3 Kf6 56. Rd2 Rb5 57. Nd4 Rd5 58.
Ke1 Re5+ 59. Re2 Rd5 0-1

[Event "Early-Titled-Tuesday-Blitz-March-19-2024"]
[Site "Chess.com"]
[Date "2024.03.19"]
[Round "6"]
[White "AccioChess"]
[Black "Kunalm64"]
[Result "1-0"]
[WhiteElo "2469"]
[BlackElo "2621"]
[TimeControl "180+1"]
[EndTime "9:08:07 PDT"]
[Termination "AccioChess won by resignation"]

1. e4 c6 2. Nc3 d5 3. Nf3 a6 4.
d4 Bg4 5. Be3 e6 6. h3 Bh5 7.
Be2 Nf6 8. e5 Nfd7 9. Nh2 Bxe2 10. Nxe2 c5 11. c3 Nc6 12. O-O cxd4 13. cxd4 Be7 14. f4 g6 15. Nf3 h5 16. Rc1 Rc8 17. Nc3 Na5 18. Rc2 Nc4 19. Bc1 b5 20. b3 Na3 21. Bxa3 Bxa3 22. Ne2 Rxc2 23. Qxc2 O-O 24. f5 exf5 25. Nf4 Nb6 26. Qc6 Qb8 27. Ng5 Qd8 28.
Nxf7 Rxf7 29. Qxg6+ Rg7 30. Qxg7+ Kxg7 31. Ne6+ Kf7 32. Nxd8+ Ke8 33. Ne6 Ke7 34. Ng7 Bb2 35. Nxf5+ Kd7 36. g4 hxg4 37. hxg4 Nc8 38. Rf2 Bc3 39.
Rf3 b4 40. Rd3 Ke6 41. Kg2 Na7 42. Kf3 Nc6 43. Kf4 a5 44. g5 Kf7 45. Nd6+ Kg6 46.
Nf5 Kf7 47. Kg4 Nd8 48. Ne3 Ne6 49. Nxd5 Bxd4 50. Kf5 Ng7+ 51. Ke4 Bb2 52. Nf4 Ke7 53. Rd6 Ne8 54. Ra6 a4 55. Rxa4 Bc3 56. Ra7+ Kf8 57.
Nd5 Kg8 58. g6 Kf8 59. Nf6 Nxf6+ 60. exf6 Bxf6 61. Rf7+ Kg8 62. Rxf6 1-0

[Event "Early-Titled-Tuesday-Blitz-March-19-2024"]
[Site "Chess.com"]
[Date "2024.03.19"]
[Round "6"]
[White "IngOscarArdila"]
[Black "JonasEilenberg"]
[Result "0-1"]
[WhiteElo "2399"]
[BlackElo "2571"]
[TimeControl "180+1"]
[EndTime "9:08:08 PDT"]
[Termination "JonasEilenberg won on time"]

1. d4 e6 2. c4 d5 3. Nc3 c6 4.
cxd5 exd5 5. Nf3 Bd6 6. Bg5 Ne7 7. e3 O-O 8. Bd3 f6 9. Bh4 Bf5 10. Qc2 Qd7 11. O-O Re8 12. a3 Bxd3 13. Qxd3 Nf5 14. Bg3 Nxg3 15. hxg3 Na6 16. b4 Nc7 17. b5 Nxb5 18. a4 Nc7 19. Rab1 Rab8 20. Rb3 b5 21. axb5 cxb5 22. Ra1 a6 23. e4 b4 24. Nxd5 Nxd5 25. exd5 Qb5 26. Rxa6 Qxd3 27. Rxd3 b3 28. Rxb3 Rxb3 29.
Rxd6 Rbb8 30. Nh4 Rbd8 31. Ra6 Rxd5 32. Ra4 Re1+ 33. Kh2 Rd1 34. Ra8+ Kf7 35. Ra7+ Kf8 36. Ra8+ Ke7 37. Ra7+ Rd7 38. Nf5+ Kd8 39. Ra8+ Kc7 40. Ra7+ Kc8 41. Ne7+ Kd8 42. Nc6+ Ke8 43. Ra8+ Kf7 44. Rh8 Rd6 45. Rc8 Rd7 46. g4 Rd3 47. f3 Kg6 48. Kg3 Rd2 49. f4 Kf7 50. Kf3 Ra2 51.
g3 Ra3+ 52. Ke4 Rxg3 53. f5 Rxg4+ 54. Ke3 Rg3+ 55. Kf4 Rd3 56. Nd8+ Ke7 57. Ne6 R7xd4+ 58. Nxd4 Rxd4+ 59. Ke3 Rd7 60. Ke4 Kf7 61. Ra8 Re7+ 62. Kf4 g6 0-1

[Event "Early-Titled-Tuesday-Blitz-March-19-2024"]
[Site "Chess.com"]
[Date "2024.03.19"]
[Round "6"]
[White "ExtremeLearner"]
[Black "hell3raiser"]
[Result "1-0"]
[WhiteElo "2568"]
[BlackElo "2371"]
[TimeControl "180+1"]
[EndTime "9:08:08 PDT"]
[Termination "ExtremeLearner won on time"]

1. d4 d5 2. c4 e6 3. Nc3 Be7 4. Nf3 Nf6 5. cxd5 exd5 6. h3 O-O 7. Bf4 c6 8. e3 Bf5 9. Nh4 Bg6 10. Nxg6 hxg6 11.
Be2 Nbd7 12. h4 Ne4 13. Nxe4 dxe4 14. h5 g5 15. Bg3 Kh7 16. f4 f5 17. Qb3 Nb6 18.
Qe6 Rf6 19. Qb3 g4 20. Kf2 Nd5 21. Bc4 Rd6 22. Rac1 Qa5 23. Rc2 b5 24. Bxd5 Rxd5 25. Rxc6 Qd2+ 26. Kg1 Rad8 27. Rc2 Qa5 28. Kh2 Bf6 29.
Rhc1 R8d7 30. a3 g6 31. hxg6+ Kxg6 32. Kg1 Qd8 33. Rc6 a5 34. Bh4 R7d6 35. Bxf6 Qxf6 36. Qxd5 Rxd5 37. Rxf6+ Kxf6 38. Rc6+ Kg7 39. Ra6 a4 40. Rb6 Kf7 41. Kf2 Ke7 42. Kg3 Kd7 43. Kh4 Kc7 44.
Rf6 Rd8 45. Rxf5 Kb6 46. Re5 Rg8 47. Rxe4 g3 48. Re6+ Ka5 49. d5 Rd8 50. e4 Rf8 51. Kxg3 b4 52. axb4+ Kxb4 53. d6 Kb3 54. d7 Rd8 55.
Rb6+ Kc2 56. Rb7 Kd3 57. e5 Ke4 58. e6 Rg8+ 59. Kf2 1-0

[Event "Early-Titled-Tuesday-Blitz-March-19-2024"]
[Site "Chess.com"]
[Date "2024.03.19"]
[Round "6"]
[White "vi_pranav"]
[Black "rezamahdavi2008"]
[Result "1-0"]
[WhiteElo "3052"]
[BlackElo "2854"]
[TimeControl "180+1"]
[EndTime "9:08:10 PDT"]
[Termination "vi_pranav won on time"]

1. e4 c5 2. Nf3 d6 3. d4 cxd4 4. Nxd4 Nf6 5. Nc3 a6 6. h3 e5 7. Nf3 Be7 8. g4 h6 9. Rg1 b5 10. g5 hxg5 11. Nxg5 Bb7 12. a4 b4 13. Nd5 Nxd5 14.
exd5 Nd7 15. Bc4 Qc7 16. Bb3 Nf6 17. Be3 a5 18. Qd3 Ba6 19. Qd1 Rh4 20. Qf3 Bc4 21. Qg3 Rh5 22. Rd1 Bxb3 23. cxb3 Qc2 24. Qf3 g6 25. Bd2 Rc8 26. Rg3 Rh4 27. Rc1 Qxc1+ 28. Bxc1 Rxc1+ 29. Kd2 Rc5 30. Qe2 Rd4+ 31. Rd3 Rxd3+ 32.
Kxd3 Nxd5 33. Qg4 Nf4+ 34. Kd2 Rd5+ 35. Kc2 Rc5+ 36. Kb1 f5 37. Qh4 Nh5 38. f3 Kd7 39. Ka2 d5 40. f4 Nxf4 41. Qh7 d4 42. Nf7 d3 43. Qg7 Ke6 44. Qg8 Kf6 45. Nh6 Rc7 46. Qf7+ Kg5 47. Qg7 Bd6 48. h4+ Kh5 49. Qf6 Kxh6 50.
Qxd6 Rc2 51. Qxe5 1-0

[Event "Early-Titled-Tuesday-Blitz-March-19-2024"]
[Site "Chess.com"]
[Date "2024.03.19"]
[Round "6"]
[White "Josetricks"]
[Black "Akylbek2021"]
[Result "1-0"]
[WhiteElo "2548"]
[BlackElo "2330"]
[TimeControl "180+1"]
[EndTime "9:08:11 PDT"]
[Termination "Josetricks won by resignation"]

1. e4 e6 2. Nf3 d5 3. Nc3 Nf6 4.
e5 Nfd7 5. d4 c5 6. dxc5 Nxc5 7.
Bd3 Nc6 8. Bf4 Nxd3+ 9. cxd3 Be7 10. h4 h6 11. h5 a6 12. Kf1 b5 13. Rh3 Bb7 14.
Rg3 Kf8 15. Kg1 b4 16. Ne2 Qb6 17. Be3 Bc5 18. d4 Be7 19. Nf4 Na5 20. Nd2 Rc8 21.
Qg4 Rg8 22. Ne2 b3 23. Bxh6 bxa2 24. Bxg7+ Ke8 25. Rxa2 Rc2 26. h6 Kd7 27. h7 Rgc8 28. Qf4 Bb4 29. Qxf7+ Kc6 30. Qxe6+ Kb5 31. Qxb6+ Kxb6 32. h8=Q Rxh8 33. Bxh8 Rxd2 34. Nc3 Nc4 35. Ra4 Rxb2 36. e6 a5 37. Bf6 Bc6 38. Ra1 Rc2 39. Na4+ Kb5 40. e7 Re2 41. Nc5 Bxc5 42. dxc5 Kxc5 43.
Kf1 Re6 44. Bg5 a4 45. Re1 Rxe1+ 46. Kxe1 a3 47. e8=Q Bxe8 48. Be7+ Kb5 49. Bxa3 d4 50. Bc1 Bc6 51. Bd2 Kc5 52. Rg5+ Kb6 53. f4 Nd6 54. Rg6 Be4 55. Rxd6+ Kc5 56. Re6 Bd5 57. Re5 Kd6 58.
Rxd5+ Kxd5 59. Ke2 Ke4 60. g3 Kf5 61. Kd3 Kg4 62.
Kxd4 Kxg3 63. f5 Kg4 64. f6 1-0

[Event "Early-Titled-Tuesday-Blitz-March-19-2024"]
[Site "Chess.com"]
[Date "2024.03.19"]
[Round "6"]
[White "RoelandPruijssers"]
[Black "Antipov_Mikhail_Al"]
[Result "1-0"]
[WhiteElo "2717"]
[BlackElo "2900"]
[TimeControl "180+1"]
[EndTime "9:08:12 PDT"]
[Termination "RoelandPruijssers won on time"]

1. e4 c5 2. Nf3 e6 3. d4 cxd4 4. Nxd4 a6 5. Bd3 Bc5 6. Nb3 Ba7 7. O-O Qc7 8. Qg4 Kf8 9. Qe2 Ne7 10. c4 Ng6 11.
Nc3 Nc6 12. Rd1 h5 13. g3 h4 14. Be3 Bxe3 15. Qxe3 Nce5 16. Rac1 Ng4 17. Qc5+ Qxc5 18. Nxc5 Ke7 19. Be2 Nf6 20. N5a4 d6 21. Nb6 Rb8 22. Rd2 Nd7 23. Nxc8+ Rhxc8 24. Rcd1 Rc6 25. Kg2 hxg3 26. hxg3 Nde5 27. Rd4 Rbc8 28. f4 Nxc4 29. Bxc4 Rxc4 30.
Rxd6 R8c7 31. e5 Nf8 32. R6d4 Nd7 33. Kf3 Nb6 34. Rd6 R4c6 35. Rxc6 Rxc6 36. Ne4 Nd5 37.
Rd2 b5 38. b3 b4 39. Ke2 a5 40.
Kd3 Rc1 41. Rc2 Rd1+ 42. Ke2 Rh1 43. Kf3 Re1 44. Rc4 Re3+ 45. Kf2 Rd3 46. Nd6 Rd2+ 47.
Kf3 Rxa2 48. Rc5 Ra3 49. Rb5 Rxb3+ 50. Kf2 Kd7 51. Rxa5 Rc3 52. Nxf7 b3 53. Rb5 Rc2+ 54. Kf3 Rc3+ 55. Kg4 Kc6 56. Nd6 Rd3 57. Rb8 Ne7 58. Kh4 g6 59. Kg5 Rxg3+ 60. Kf6 Nd5+ 61. Kxe6 Nxf4+ 62. Kf6 Nd5+ 63. Ke6 Re3 64. Nc4 Rc3 65. Na5+ 1-0

[Event "Early-Titled-Tuesday-Blitz-March-19-2024"]
[Site "Chess.com"]
[Date "2024.03.19"]
[Round "6"]
[White "Pumpkin_in_moonlight"]
[Black "dianamirza"]
[Result "1-0"]
[WhiteElo "2230"]
[BlackElo "1989"]
[TimeControl "180+1"]
[EndTime "9:08:16 PDT"]
[Termination "Pumpkin_in_moonlight won on time"]

1. e4 c5 2. Nf3 Nc6 3. g3 e6 4. Bg2 d5 5. exd5 exd5 6. O-O Nf6 7. d4 cxd4 8. Nxd4 Be7 9. Nc3 O-O 10.
h3 Bc5 11. Nce2 Qb6 12. Nb3 Bd6 13. Be3 Qc7 14. Ned4 a6 15. Nxc6 bxc6 16. Nc5 Be6 17. Bd4 Be7 18. Re1 Bxc5 19. Bxc5 Rfe8 20. Qd4 Rab8 21.
b3 Bf5 22. c4 dxc4 23. Qxc4 Qd7 24. Rad1 Qc8 25. Bd4 Nd5 26. Bxd5 cxd5 27. Qxd5 Bxh3 28. Qg5 Qg4 29. Qxg4 Bxg4 30. Rxe8+ Rxe8 31. Rc1 Rd8 32. Be3 h6 33. a4 Rd3 34. b4 Ra3 35. a5 Rb3 36. Bc5 Rd3 37. Re1 Rd1 38. Rxd1 Bxd1 39. b5 axb5 40. a6 Bf3 41. a7 Ba8 42. Kf1 f6 43. Ke2 Kf7 44. Kd3 Ke6 45. Kc3 Kd5 46. Bf8 Kc6 47. Bxg7 f5 48. Bxh6 Kb7 49. Be3 Kc6 50. Kb4 Bb7 51. Ka5 Ba8 52. Kb4 Bb7 53. Kc3 Ba8 54. f3 Bb7 55. g4 fxg4 56. fxg4 Ba8 57.
Kb4 Bb7 58. Ka5 Ba8 59. g5 Kd6 60. Kxb5 Ke5 61. Kb6 Kf5 62. Kc7 Kg6 63. Kb8 1-0